Map: 16-Bit LE

Players

Hydra

  • Race: Protoss Protoss
  • Spawn Location: 7:00

A.I. 1 (Easy) - Winner!

  • Race: Zerg Zerg
  • Spawn Location: 1:00

VOD

Have the link to the VOD?

Description

Time

  • Played on: June 19, 2018, 3:08 p.m.
  • Length: 4:19
Show
View Real Time Build Order
Export as new Build Order

Hydra Protoss 

Build Orders:  

Get SALT Encoding   

  12  0:01  Probe  
  13  0:13  Probe  
  14  0:21  Pylon  
  14  0:25  Probe  
  15  0:39  Probe  
  15  0:40  Gateway  
  16  0:51  Probe  
  16  0:55  Assimilator  
  17  1:00  Assimilator  
  17  1:03  Probe  
  18  1:15  Probe  
  18  1:17  Gateway  
  19  1:28  Probe  
  19  1:30  Cybernetics Core  
  20  1:37  Warp Gate  
  20  1:44  Probe  
  21  1:57  Probe  
  22  2:19  Pylon  
  22  2:26  Probe  
  23  2:37  Adept x2  
  23  2:39  Nexus  
  27  3:19  Adept x2  
  31  3:47  Robotics Facility  
  31  3:49  Twilight Council  
  31  3:51  Probe  
  32  4:03  Probe  
Show
View Real Time Build Order
Export as new Build Order

A.I. 1 (Easy) Zerg - Winner!

Build Orders: Pool Only 

Get SALT Encoding   

  12  0:00  Drone  
  13  0:12  Overlord  
  13  0:17  Drone  
  14  0:30  Drone  
  14  0:35  Drone  
  16  0:43  Spawning Pool  
  16  0:44  Extractor  
  16  0:47  Drone  
  15  0:51  Drone  
  16  0:59  Overlord  
  16  1:31  Queen, Zergling x2  
  19  1:33  Roach Warren  
  19  1:35  Extractor  
  19  1:36  Drone  
  18  1:42  Drone  
  19  1:54  Zergling x2  
  20  2:05  Overlord  
  20  2:17  Roach  
  22  2:35  Drone  
  23  2:40  Roach, Drone  
  26  2:51  Overlord  
  26  2:55  Drone  
  27  3:00  Drone  
  27  3:03  Roach  
  30  3:10  Drone  
  31  3:14  Drone  
  32  3:26  Roach  
  34  3:49  Roach  
  36  4:04  Drone  
Tags
 
Matchup
PvZ
Opening
Pool Only
Spawn Locations
Cross Positions
Add a new tag
Caveats
  • Supply blocks, unpowered buildings, or Contaminate may cause inaccurate times.
  • Supply counts are checked every 10 seconds.